 Dungeon Crawl Stone Soup version 0.19.1-1-g22dce08 (webtiles) character file.

25953 galech the Bludgeoner (level 13, -2/144 HPs)
             Began as an Ogre Berserker on Jan 6, 2017.
             Was a High Priest of Trog.
             Slain by a sixfirhy (11 damage)
             ... on level 2 of the Orcish Mines.
             The game lasted 00:57:51 (16390 turns).

galech the Bludgeoner (Ogre Berserker)             Turns: 16390, Time: 00:57:52

Health: -2/144     AC:  7    Str: 32    XL:     13   Next: 22%
Magic:  4/4        EV: 14    Int:  8    God:    Trog [*****.]
Gold:   1246       SH:  0    Dex: 16    Spells: 0 memorised, 12 levels left

rFire  . . .     SeeInvis .     T - +10 giant spiked club (antimagic)
rCold  . . .     Gourm    +     U - +0 mottled dragon scales
rNeg   . . .     Faith    .     (shield currently unavailable)
rPois  .         Spirit   .     (helmet restricted)
rElec  .         Reflect  .     x - +1 cloak
rCorr  .         Harm     .     (gloves unavailable)
MR     ++++.                    (boots unavailable)
Stlth  ++........               p - amulet of the gourmand
                                Q - +3 ring of strength
                                q - +5 ring of dexterity

@: weakened, regenerating, studying 2 skills
A: unfitting armour, hooves 1, agile 1, blurry vision 1, clever 1, deformed
body, magic resistance 1, tough skin 1
a: Berserk, Trog's Hand, Brothers in Arms, Burn Spellbooks, Renounce Religion


You were on level 2 of the Orcish Mines.
You worshipped Trog.
Trog was extremely pleased with you.
You were completely stuffed.

You visited 3 branches of the dungeon, and saw 14 of its levels.
You also visited: Labyrinth.

You collected 1346 gold pieces.
You spent 100 gold pieces at shops.

Inventory:

Hand Weapons
 A - a +4 antimagic great mace
 G - a +0 giant spiked club of crushing
 T - a +10 antimagic giant spiked club (weapon)
Armour
 x - a +1 cloak (worn)
 U - +0 mottled dragon scales (worn)
Rods
 b - a +4 rod of shadows (13/13)
   (You found it in a labyrinth)
 y - a +4 iron rod (13/13)
   (You found it in a labyrinth)
Jewellery
 e - an uncursed amulet of magic regeneration
 o - an uncursed ring of magical power {unknown}
 p - an amulet of the gourmand (around neck)
 q - a +5 ring of dexterity (left hand)
 s - an uncursed ring of stealth
 v - an uncursed amulet of regeneration
 H - an uncursed ring of wizardry {unknown}
 J - an uncursed amulet of faith
 Q - a +3 ring of strength (right hand)
 V - an uncursed ring of resist corrosion
Wands
 a - a wand of iceblast (7/15)
Scrolls
 d - a scroll of remove curse
 f - 2 scrolls of blinking
 h - 4 scrolls of recharging
 k - 5 scrolls of enchant weapon {unknown}
 n - 6 scrolls of amnesia
 u - 4 scrolls of teleportation {unknown}
 D - a scroll of torment {unknown}
 F - 2 scrolls of magic mapping
 K - 2 scrolls of enchant armour
 L - 2 scrolls of random uselessness
Potions
 i - 7 potions of curing
 j - a potion of mutation {unknown}
 l - 4 potions of lignification
 m - 2 potions of haste
 r - a potion of resistance {unknown}
 z - 2 potions of heal wounds {unknown}
 I - a potion of flight {unknown}
 M - 2 potions of magic {unknown}
 N - 2 potions of cure mutation {unknown}
 O - 3 potions of brilliance {unknown}
 P - a potion of agility {unknown}
 R - a potion of invisibility {unknown}
Books
 B - a manual of Staves
 C - a manual of Unarmed Combat
Comestibles
 c - 14 bread rations
 g - 6 meat rations
 t - 4 beef jerkies
 w - 3 fruits
 E - 7 slices of pizza
 S - 5 chunks of flesh


   Skills:
 + Level 13.3 Fighting
 + Level 19.6 Maces & Flails
 + Level 4.9 Armour
 + Level 7.4 Dodging
 + Level 4.1 Stealth


You had 12 spell levels left.
You didn't know any spells.

Dungeon Overview and Level Annotations

Branches:
Dungeon (11/15)            Temple (0/1) D:5            Lair (1/6) D:11
    Orc (2/2) D:11            Elf (0/3) Orc:2

Altars:
Gozag
Nemelex Xobeh
Sif Muna
Trog
Xom
Yredelemnul
Zin
Beogh

Shops:
D:10 }   Orc:1 **!(   Orc:2 %!


Innate Abilities, Weirdness & Mutations

You are too large for most types of armour.
You have tough skin. (AC +1)
You have large cloven feet.
You are agile. (Dex +2)
Scrolls take you a little longer to read.
Your mind is acute. (Int +2)
Armour fits poorly on your strangely shaped body.
You are resistant to hostile enchantments. (MR+)


Message History

Items here: )))))) [[[[[ รท The sixfirhy hits you!
* * * LOW HITPOINT WARNING * * *
The sixfirhy shocks you!
* * * LOW HITPOINT WARNING * * *
The sixfirhy hits you but does no damage.
Things that are here:
a hand axe; a chain mail Your skin crawls.
You feel resistant to hostile enchantments.
You feel somewhat less full.
The sixfirhy hits you but does no damage.
The sixfirhy barely misses you. The sixfirhy hits you.
* * * LOW HITPOINT WARNING * * *
The sixfirhy shocks you!
* * * LOW HITPOINT WARNING * * *
The sixfirhy hits you!
* * * LOW HITPOINT WARNING * * *
The sixfirhy shocks you!
You die...

##....#...##,,*,,*#o..#*
##....3o..##,,,*#o..#*
##.)###...##,##oo.#*
##[)###...###...#*
##)o###.3o#...##
##))###.#.#)##
##..###...## ##.3###.##
##.@#### ####..##
##.##...## #........##
##.........### ***
#.[)#........## *.#**
##[###........## ##.,*
##)#.##....#.#.#####
...##
##.).......##.##....#


You could see an orc knight and a sixfirhy.

Vanquished Creatures
  A stone giant (Orc:1)
  A minotaur (Lab)
  Erolcha (D:9)
  Erica (D:8)
  An ogre mage (D:11)
  The ghost of Quirk the Skirmisher, a novice DsFi of Okawaru (D:11)
  Nergalle (D:11)
  Sonja (D:11)
  2 hill giants (D:10)
  2 orc knights
  4 orc sorcerers
  A rust devil (Orc:2)
  2 orange demons (Orc:2)
  A centaur zombie (D:9)
  2 spiny frogs (Lair:1)
  A komodo dragon (Lair:1)
  A kobold demonologist (D:11)
  A red devil (Orc:2)
  4 trolls
  2 two-headed ogres (Orc:1)
  A ynoxinul (Orc:2)
  2 wraiths
  2 basilisks (Lair:1)
  8 yaks
  A steam dragon (D:11)
  A human (D:7)
  2 hungry ghosts (D:11)
  4 hogs (D:7)
  A mottled dragon (D:11)
  3 water moccasins
  3 porcupines
  3 ice beasts
  29 orc warriors
  2 sky beasts
  A black bear (D:10)
  14 ogres
  5 phantoms
  6 wolves (Lair:1)
  2 centaurs
  3 crocodiles
  2 big kobolds (D:9)
  A gnoll sergeant (D:9)
  9 bullfrogs
  A wyvern zombie (D:10)
  3 scorpions
  5 killer bees (D:9)
  3 wights (D:5)
  A howler monkey (D:9)
  A jelly (D:11)
  A crimson imp (D:5)
  2 bullfrog zombies
  4 hounds
  22 orc priests
  4 bullfrog skeletons
  3 centaur skeletons
  2 iguanas
  Jessica (D:2)
  Terence (D:3)
  Natasha (thrice) (D:2)
  21 orc wizards
  3 hell rats (D:11)
  6 worker ants
  4 worker ant zombies
  4 gnolls (D:9)
  A howler monkey skeleton (D:8)
  20 adders
  2 river rats (D:11)
  2 shadow imps (D:10)
  An ooze (D:4)
  An adder skeleton (D:4)
  2 worms
  4 leopard geckos
  72 orcs
  3 ball pythons
  9 bats
  3 giant cockroaches
  11 goblins
  10 hobgoblins
  6 jackals
  22 kobolds
  7 quokkas
  6 frilled lizards
  A giant cockroach zombie (D:6)
  A leopard gecko zombie (D:5)
  2 quokka skeletons
  A quokka zombie (D:6)
  9 rats
427 creatures vanquished.

Notes
Turn   | Place    | Note
-------+----------+-------------------------------------------
     0 | D:1      | galech the Ogre Berserker began the quest for the Orb.
     0 | D:1      | Reached XP level 1. HP: 24/24 MP: 1/1
    51 | D:1      | Reached XP level 2. HP: 25/33 MP: 2/2
   665 | D:1      | Reached XP level 3. HP: 37/40 MP: 3/3
   847 | D:1      | Reached ** piety under Trog
  1058 | D:2      | Found a shimmering altar of Xom.
  1282 | D:2      | Noticed Natasha
  1288 | D:2      | Killed Natasha
  1288 | D:2      | Reached skill level 5 in Maces & Flails
  1288 | D:2      | Reached XP level 4. HP: 45/49 MP: 4/4
  1468 | D:2      | Noticed Jessica
  1494 | D:2      | Killed Jessica
  1494 | D:2      | Reached skill level 5 in Fighting
  1564 | D:2      | Noticed Natasha
  1800 | D:2      | Killed Natasha
  1800 | D:2      | Reached skill level 6 in Maces & Flails
  1800 | D:2      | Reached XP level 5. HP: 37/57 MP: 5/5
  1812 | D:2      | Noticed Natasha
  1817 | D:2      | Killed Natasha
  2275 | D:3      | Reached *** piety under Trog
  2689 | D:3      | Noticed Terence
  2697 | D:3      | Killed Terence
  2803 | D:3      | Reached XP level 6. HP: 65/66 MP: 6/6
  3624 | D:4      | Noticed a phantom
  3693 | D:4      | Reached skill level 7 in Maces & Flails
  3693 | D:4      | Reached skill level 1 in Stealth
  3696 | D:4      | Killed a phantom
  3696 | D:4      | Reached XP level 7. HP: 74/74 MP: 7/7
  3949 | D:4      | Received a gift from Trog
  3955 | D:4      | Reached skill level 8 in Maces & Flails
  4136 | D:4      | Found a basalt altar of Yredelemnul.
  4256 | D:5      | Entered Level 5 of the Dungeon
  4332 | D:5      | Found a staircase to the Ecumenical Temple.
  4399 | D:5      | Reached skill level 9 in Maces & Flails
  4399 | D:5      | Reached XP level 8. HP: 79/84 MP: 8/8
  4591 | D:5      | Found a glowing silver altar of Zin.
  4788 | D:5      | Found a bloodstained altar of Trog.
  4978 | D:6      | Reached skill level 10 in Maces & Flails
  4981 | D:6      | Reached **** piety under Trog
  5462 | D:7      | Reached skill level 11 in Maces & Flails
  5663 | D:6      | Reached XP level 9. HP: 63/93 MP: 9/9
  5791 | D:6      | Reached skill level 5 in Dodging
  5871 | D:6      | Reached skill level 12 in Maces & Flails
  5875 | D:6      | Gained mutation: You are resistant to hostile enchantments. (MR+) [mutagenic meat]
  5876 | D:6      | Gained mutation: You are agile. (Dex +2) [mutagenic meat]
  5877 | D:6      | Gained mutation: Scrolls take you a little longer to read. [mutagenic meat]
  5878 | D:6      | Gained mutation: You have large cloven feet. [mutagenic meat]
  6261 | D:7      | Received a gift from Trog
  6367 | D:7      | Reached skill level 13 in Maces & Flails
  6467 | D:7      | Reached ***** piety under Trog
  6923 | D:7      | Found a sparkling altar of Nemelex Xobeh.
  7135 | D:8      | Reached XP level 10. HP: 106/106 MP: 10/10
  7139 | D:8      | Got an encrusted long sword
  7170 | D:8      | Identified the +9 long sword "Quricy" {slice, rElec rN+ Dex-2 Stlth+} (You found it on level 8 of the Dungeon)
  7321 | D:8      | Noticed Erica
  7327 | D:8      | Killed Erica
  7327 | D:8      | Reached skill level 14 in Maces & Flails
  7691 | D:8      | Found an opulent altar of Gozag.
  7913 | D:9      | Found a bloodstained altar of Trog.
  8064 | D:9      | Gained mutation: Your mind is acute. (Int +2) [mutagenic meat]
  8065 | D:9      | Gained mutation: Armour fits poorly on your strangely shaped body. [mutagenic meat]
  8262 | D:9      | Noticed Erolcha
  8268 | D:9      | Killed Erolcha
  8268 | D:9      | Reached skill level 15 in Maces & Flails
  8491 | D:9      | Reached skill level 10 in Fighting
  8559 | D:9      | Reached XP level 11. HP: 106/117 MP: 11/11
  8761 | D:10     | Entered Level 10 of the Dungeon
  8869 | D:10     | Reached skill level 16 in Maces & Flails
  9035 | D:10     | Noticed a hill giant
  9050 | D:10     | Killed a hill giant
  9118 | D:10     | Reached skill level 1 in Armour
  9341 | D:10     | Noticed a hill giant
  9350 | D:10     | Killed a hill giant
  9459 | D:10     | Found Desacui's Gadget Shop.
  9945 | D:11     | Found a staircase to the Lair.
 10027 | Lair:1   | Entered Level 1 of the Lair of Beasts
 10805 | Lair:1   | Reached skill level 17 in Maces & Flails
 11482 | D:11     | Noticed Sonja
 11532 | D:11     | Killed Sonja
 11680 | D:11     | Reached XP level 12. HP: 111/130 MP: 12/12
 11868 | D:11     | Received a gift from Trog
 11927 | D:11     | Found a staircase to the Orcish Mines.
 12076 | D:11     | Noticed Quirk's ghost (novice DsFi)
 12091 | D:11     | Killed Quirk's ghost
 12091 | D:11     | Reached skill level 18 in Maces & Flails
 12254 | D:11     | Found a deep blue altar of Sif Muna.
 12632 | Orc:1    | Entered Level 1 of the Orcish Mines
 12632 | Orc:1    | Found Qijaung's Assorted Antiques.
 12638 | Orc:1    | Noticed Nergalle
 12828 | D:11     | Killed Nergalle
 13048 | Orc:1    | Noticed an ogre mage
 13305 | D:11     | Killed an ogre mage
 13595 | Orc:1    | Found Liohaz's Distillery.
 13732 | Orc:1    | Noticed a stone giant
 13740 | Orc:1    | Killed a stone giant
 13840 | Orc:1    | Found Nyazun's Antique Weapon Shoppe.
 13904 | Orc:1    | Found Xoitieph's Assorted Antiques.
 14049 | D:11     | Received a gift from Trog
 14109 | D:11     | Reached skill level 19 in Maces & Flails
 14312 | Orc:1    | Bought a scroll of identify for 50 gold pieces
 14312 | Orc:1    | Bought a scroll of identify for 50 gold pieces
 14316 | Orc:1    | Identified 2 scrolls of acquirement
 14566 | Orc:2    | Entered Level 2 of the Orcish Mines
 14606 | Orc:2    | Found a roughly hewn altar of Beogh.
 14608 | Orc:2    | Found a labyrinth entrance.
 14740 | Lab      | Entered a labyrinth
 15272 | Lab      | Noticed a minotaur
 15277 | Lab      | Killed a minotaur
 15709 | Orc:2    | Reached XP level 13. HP: 141/141 MP: 13/13
 15862 | Orc:1    | Received a gift from Trog
 16096 | Orc:2    | Found Estroax Duna's Distillery.
 16099 | Orc:2    | Found Goosi's Food Boutique.
 16390 | Orc:2    | Slain by a sixfirhy

Skill      XL: |  1  2  3  4  5  6  7  8  9 10 11 12 13 |
---------------+----------------------------------------+-----
Dodging        | 3 4 5 6 7 |  7.4
Maces & Flails | 5 6 7 9 11 13 15 17 19 | 19.6
Fighting       | 5 6 7 8 10 11 12 13 | 13.3
Stealth        | 1 2 3 4 |  4.1
Armour         | 2 4 |  4.9

Action                   |  1- 3 |  4- 6 |  7- 9 | 10-12 | 13-15 || total
-------------------------+-------+-------+-------+-------+-------++-------
Melee: Mace              |   121 |   120 |       |       |       ||   241
       Flail             |       |    13 |       |       |       ||    13
       Giant club        |       |       |   120 |       |       ||   120
       Giant spiked club |       |       |   160 |   518 |    88 ||   766
       Kick              |       |       |    23 |   222 |    28 ||   273
       Great mace        |       |       |       |    37 |       ||    37
Invok: Berserk           |     1 |     3 |     4 |    10 |     2 ||    20
       Trog's Hand       |       |       |       |     1 |     2 ||     3
  Use: Scroll            |       |       |     6 |    11 |       ||    17
       Potion            |       |       |       |     2 |       ||     2
 Stab: Sleeping          |       |     5 |     7 |     6 |     1 ||    19
  Eat: Chunk             |     1 |    17 |    16 |    54 |    12 ||   100
       Pizza             |       |       |     1 |       |       ||     1
       Fruit             |       |       |     1 |     1 |       ||     2
       Royal jelly       |       |       |       |     1 |       ||     1
Armor: Animal skin       |    36 |    28 |    87 |    21 |       ||   172
       Troll leather arm |       |       |       |    20 |       ||    20
       Mottled dragon sc |       |       |       |    78 |    15 ||    93
Dodge: Dodged            |    82 |    74 |   202 |   346 |    59 ||   763
